 Dungeon Crawl Stone Soup version 0.26-a0-683-g5206c1d7ac (webtiles) character file.

Game seed: 409589222627904767

116 grandjackal the Skirmisher (level 4, 0/37 HPs)
             Began as a Demonspawn Monk on Oct 22, 2020.
             Slain by a centaur (7 damage)
             ... on level 3 of the Dungeon.
             The game lasted 00:02:19 (3389 turns).

grandjackal the Skirmisher (Demonspawn Monk)        Turns: 3389, Time: 00:02:20

Health: 0/37       AC:  2    Str: 12    XL:     4   Next: 69%
Magic:  4/4        EV: 14    Int: 11    God:
Gold:   139        SH:  0    Dex: 16    Spells: 3/3 levels left

rFire    . . .     SeeInvis .   a - +0 hand axe
rCold    + . .     Faith    .   (no shield)
rNeg     . . .     Spirit   .   b - +0 robe
rPois    .         Reflect  .   (no helmet)
rElec    .         Harm     .   (no cloak)
rCorr    .         Rampage  .   (no gloves)
MR       .....                  (no boots)
Stlth    +.........             (no amulet)
HPRegen  0.12/turn              f - ring of attention (curse)
MPRegen  0.09/turn              (no ring)

@: lethally poisoned (0 -> -3), hasted, very quick
A: hooves 2, cold resistance 1, mutation resistance 1, MP-powered wands
a: no special abilities


You were on level 3 of the Dungeon.
You visited 1 branch of the dungeon, and saw 3 of its levels.

You collected 139 gold pieces.

Inventory:

Hand Weapons
 a - a +0 hand axe (weapon)
Armour
 b - a +0 robe (worn)
Jewellery
 f - a cursed ring of attention (left hand)
 i - a cursed -4 ring of slaying {unknown}
Scrolls
 c - a scroll of random uselessness {unknown}
 d - a scroll of noise {unknown}
 e - a scroll of fear {unknown}
 h - 3 scrolls of remove curse {unknown}
 k - a scroll of enchant weapon {unknown}
 l - 4 scrolls of identify {unknown}
 m - a scroll of magic mapping {unknown}
 o - a scroll of immolation {unknown}
 r - a scroll of fog {unknown}
 s - 4 scrolls of teleportation {unknown}
 t - 2 scrolls of amnesia {unknown}
Potions
 g - a potion of degeneration {unknown}
 j - 2 potions of flight {unknown}
 n - a potion of curing {unknown}
 q - a potion of brilliance {unknown}
 u - a potion of ambrosia {unknown}
 v - a potion of heal wounds
 w - a potion of stabbing {unknown}


   Skills:
 + Level 3.8 Fighting
 + Level 3.3 Axes
 + Level 1.7 Armour
 + Level 3.4 Dodging
 - Level 1.7 Stealth


You had 3 spell levels left.
You didn't know any spells.
Your spell library was empty.

Dungeon Overview and Level Annotations

Branches:
Dungeon (3/15)

Altars:


Innate Abilities, Weirdness & Mutations

You have hoof-like feet.
Your flesh is cold resistant. (rC+)
You are somewhat resistant to further mutation.
You expend magic power (3 MP) to strengthen your wands.


Message History

You feel sick. The adder misses you.
You hit the adder.
You kill the adder!
The centaur shoots an arrow.
The arrow hits you!
You feel sick.
The centaur unwields a +0 shortbow.
The centaur hits you.
* * * LOW HITPOINT WARNING * * *
You hit the centaur. You kick the centaur, but do no damage.
The centaur is moderately wounded.
The centaur hits you.
* * * LOW HITPOINT WARNING * * *
You barely miss the centaur. You kick the centaur.
The centaur is moderately wounded.
The centaur closely misses you.
You hit the centaur.
The centaur is severely wounded.
You feel sick. The centaur barely misses you.
You hit the centaur.
The centaur is severely wounded.
The centaur hits you!
You die...

#################
.!.....(........########
......?((...............
[.....#@########.#####..
##### #c# #..####..
#wl...# ##....#..
#g....# #....### #.....#
#....# # #.....# #....#
# .......# ##+### #
.......# # .......#


You could see a centaur, a worm, a leopard gecko and a goblin.

Vanquished Creatures
  6 adders
  2 worms (D:2)
  2 dart slugs
  5 leopard geckos
  5 bats
  2 giant cockroaches
  5 goblins
  7 hobgoblins
  A quokka (D:2)
  2 frilled lizards
  6 kobolds
  6 rats
49 creatures vanquished.

Notes
Turn   | Place    | Note
-------+----------+-------------------------------------------
     0 | D:1      | grandjackal the Demonspawn Monk began the quest for the
                  | Orb.
     0 | D:1      | Reached XP level 1. HP: 18/18 MP: 1/1
   184 | D:1      | Gained mutation: You have large cloven feet. [demonic
                  | ancestry]
   184 | D:1      | Reached XP level 2. HP: 21/24 MP: 2/2
   853 | D:1      | Reached skill level 1 in Armour
   935 | D:2      | Gained mutation: You have hoof-like feet. [demonic
                  | ancestry]
   935 | D:2      | Reached XP level 3. HP: 29/29 MP: 3/3
  2011 | D:2      | Gained mutation: Your flesh is cold resistant. (rC+)
                  | [potion of mutation]
  2011 | D:2      | Gained mutation: You are somewhat resistant to further
                  | mutation. [potion of mutation]
  2011 | D:2      | Gained mutation: You expend magic power (3 MP) to
                  | strengthen your wands. [potion of mutation]
  2421 | D:2      | Reached XP level 4. HP: 24/36 MP: 4/4
  3372 | D:3      | Noticed a centaur
  3389 | D:3      | Slain by a centaur

Illustrated notes

Levels and vault maps discovered:
D:1:      psy_arrival_fountain, layout_basic
D:2:      layout_basic
D:3:      layout_basic, uniq_sigmund

Skill      XL: |  1  2 |
---------------+-------+-----
Dodging        | 3 |  3.4
Axes           | 3 |  3.3
Armour         | 1 |  1.7
Fighting       | |  3.8
Stealth        | |  1.7

Action                   |  1- 3 |  4- 6 || total
-------------------------+-------+-------++-------
Melee: Hand axe          |   125 |    40 ||   165
       Kick              |    27 |    11 ||    38
  Use: Potion            |     3 |     1 ||     4
Armor: Robe              |     7 |     8 ||    15
Dodge: Dodged            |    85 |    45 ||   130

Table legend: (Time is in decaauts)
 A = Elapsed time spent in this place.
 B = Non-inter-level travel time spent in this place.
 C = Inter-level travel time spent in this place.
 D = Time resting spent in this place.
 E = Time spent auto-exploring this place.
 F = Levels seen in this place.
 G = Mean time per level.
                   A        B        C        D        E       F      G
               +--------+--------+--------+--------+--------+-----+--------+
         Total |   3390 |   3330 |     60 |   1340 |   1640 |   3 | 1130.0 |
       Dungeon |   3390 |   3330 |     60 |   1340 |   1640 |   3 | 1130.0 |
               +--------+--------+--------+--------+--------+-----+--------+

Top non-repeatable levels by time:
     D:2: 2212 daAuts
     D:1: 922 daAuts
     D:3: 255 daAuts
